 Dungeon Crawl Stone Soup version 0.28.0-43-g3370ac3207 (console) character file.

Game seed: 3249595191486439299

1030 Zeor the Spear-Bearer (level 8, -9/67 HPs)
             Began as a Red Draconian Monk on Mar 26, 2022.
             Mangled by Maggie
             ... wielding a +0 scimitar
              (12 damage)
             ... on level 6 of the Dungeon.
             The game lasted 00:17:25 (5872 turns).

Zeor the Spear-Bearer (Red Draconian Monk)          Turns: 5872, Time: 00:17:26

Health: -9/67      AC:  8    Str: 13    XL:     8   Next: 3%
Magic:  8/8        EV: 14    Int: 10    God:
Gold:   235        SH:  0    Dex: 17    Spells: 7/7 levels left

rFire   + . .      SeeInvis .   a - +1 spear
rCold   . . .      Faith    .   (no shield)
rNeg    . . .      Spirit   .   (armour unavailable)
rPois   .          Reflect  .   (helmet restricted)
rElec   .          Harm     .   d - +1 cloak
rCorr   .          Rampage  .   (no gloves)
Will    .....                   (no boots)
Stlth   ++........              (no amulet)
HPRegen 0.21/turn               (no ring)
MPRegen 0.11/turn               (no ring)

@: mesmerised
A: breathe fire, AC +6, unfitting armour, fire resistance 1, cold-blooded
a: Breathe Fire


You were on level 6 of the Dungeon.
You visited 1 branch of the dungeon, and saw 6 of its levels.

You collected 235 gold pieces.

Inventory:

Hand Weapons
 a - a +1 spear (weapon)
Missiles
 b - 5 javelins
 e - 16 poisoned darts
 o - 41 bolts
Armour
 d - a +1 cloak (worn)
 j - an orb of wrath
Wands
 k - a wand of paralysis (7)
 l - a wand of polymorph (3)
Scrolls
 g - 2 scrolls of teleportation
 h - a scroll of fear
 i - a scroll of enchant armour
 q - a scroll of enchant weapon
Potions
 c - a potion of brilliance
 f - 2 potions of flight
 r - a potion of magic


   Skills:
 + Level 4.6 Fighting
 * Level 8.0 Polearms
 + Level 4.3 Dodging
 + Level 3.2 Stealth


You had 7 spell levels left.
You didn't know any spells.
Your spell library contained the following spells:

 Spells                   Type           Power      Damage    Failure   Level
 Foxfire                  Conj/Fire      0%         2x1d4     36%         1
 Corpse Rot               Necr/Air       0%         N/A       50%         2
 Poisonous Vapours        Pois/Air       0%         N/A       50%         2
 Conjure Flame            Conj/Fire      0%         6-21      75%         3
 Inner Flame              Hex/Fire       0%         N/A       75%         3
 Flame Wave               Conj/Fire      0%         2d4       98%         4


Dungeon Overview and Level Annotations

Branches:
Dungeon (6/15)
 Temple: D:4-7

Altars:

Annotations:
D:5 Grinder, Pikel
D:6 Maggie


Innate Abilities, Weirdness & Mutations

You can breathe blasts of fire.
Your fiery red scales are hard. (AC +6)
You cannot fit into any form of body armour.
Your flesh is heat resistant. (rF+)
You are cold-blooded and may be slowed by cold attacks.


Message History

Maggie hits you but does no damage.
You hit Maggie but do no damage.
Maggie is heavily wounded.
Maggie points at you and mumbles some strange words.
The bolt of fire hits you!
* * * LOW HITPOINT WARNING * * *
You hit Maggie.
Maggie is heavily wounded.
You barely miss Maggie.
Maggie is heavily wounded.
Maggie hits you but does no damage.
You hit Maggie.
Maggie is heavily wounded.
Maggie hits you but does no damage.
You hit Maggie but do no damage.
Maggie is heavily wounded.
Maggie mumbles some strange words.
Maggie draws you further into her thrall.
You hit Maggie but do no damage.
Maggie is heavily wounded.
You hit Maggie.
Maggie is severely wounded.
Maggie hits you but does no damage.
You hit Maggie but do no damage.
Maggie is severely wounded.
You feel less wooden.
Your +1 cloak unmelds from your body.
Maggie casts a spell at you. The bolt of fire hits you! You resist.
* * * LOW HITPOINT WARNING * * *
You hit Maggie.
Maggie is severely wounded.
You barely miss Maggie.
Maggie is severely wounded.
Maggie mumbles the words to a spell, but in the wrong order.
Maggie barely misses you.
You hit Maggie but do no damage.
Maggie is severely wounded.
Maggie hits you with a +0 scimitar!
You die...

▒▒▒ ▒▒▒▒▒▒▒▒▒▒▒▒▒
▒▒▒∙▒▒▒▒▒∙∙∙∙∙∙∙d@∙∙▒
∙∙∙∙∙∙∙∙∙∙▒▒▒∙▒∙▒▒▒∙▒
▒∙ ▒∙∙∙∙∙▒▒▒▒▒
▒∙∙∙∙∙∙∙▒ ∙▒ ▒▒∙∙∙▒▒
▒∙∙∙∙@∙∙▒ ∙▒ ▒▒∙▒▒
▒∙∙∙?∙∙∙▒▒▒▒▒∙▒▒▒▒
▒∙▒
▒∙∙∙∙∙∙∙▒▒∙∙∙∙∙∙∙▒▒
▒∙▒
▒∙∙∙∙∙∙∙▒▒∙▒∙∙∙∙∙∙▒
▒▒■▒▒
▒▒▒▒▒∙▒▒▒▒▒∙▒∙∙▒▒∙∙▒
▒▒∙∙∙▒▒
▒∙∙∙∙∙∙∙∙▒▒∙▒∙∙▒▒∙∙▒


You could see Maggie (mesmerising).

Vanquished Creatures
  An ice beast (D:5)
  2 black bears (D:6)
  2 ogres (D:4)
  A phantom (D:6)
  2 scorpions
  A water moccasin skeleton (D:4)
  A centaur zombie (D:5)
  2 hounds
  3 iguanas
  Terence (D:2)
  Robin (D:2)
  7 adders
  A white imp (D:6)
  A worm (D:2)
  3 dart slugs
  4 orcs (D:4)
  5 ball pythons
  6 endoplasms
  2 giant cockroaches
  18 goblins
  7 hobgoblins
  2 jackals (D:4)
  3 quokkas
  5 bats
  2 frilled lizards
  7 kobolds
  2 rats (D:1)
92 creatures vanquished.

Vanquished Creatures (collateral kills)
  A goblin (D:4)
1 creature vanquished.

Grand Total: 93 creatures vanquished

Notes
Turn   | Place    | Note
-------+----------+-------------------------------------------
     0 | D:1      | Zeor the Draconian Monk began the quest for the Orb.
     0 | D:1      | Reached XP level 1. HP: 19/19 MP: 1/1
   200 | D:1      | Found a faded altar of an unknown god.
   229 | D:1      | Reached XP level 2. HP: 21/26 MP: 2/2
   583 | D:1      | Reached XP level 3. HP: 25/27 MP: 3/3
  1051 | D:2      | Noticed Terence
  1089 | D:2      | Killed Terence
  1090 | D:2      | Reached skill level 4 in Polearms
  1203 | D:2      | Noticed Robin
  1605 | D:2      | Reached XP level 4. HP: 39/39 MP: 4/4
  2220 | D:2      | Killed Robin
  2916 | D:3      | You fall into a shaft and drop 2 floors!
  2916 | D:5      | Entered Level 5 of the Dungeon
  2925 | D:5      | Reached XP level 5. HP: 45/46 MP: 5/5
  3023 | D:4      | Noticed an ogre
  3197 | D:5      | Reached skill level 5 in Polearms
  3222 | D:5      | Noticed Grinder
  3383 | D:4      | Noticed an ogre
  3419 | D:4      | Killed an ogre
  3420 | D:4      | Reached XP level 6. HP: 52/52 MP: 6/6
  3434 | D:4      | Reached skill level 6 in Polearms
  4491 | D:4      | Your scales start taking on a fiery red colour.
  4491 | D:4      | Reached XP level 7. HP: 26/59 MP: 7/7
  4491 | D:4      | Gained mutation: Your flesh is heat resistant. (rF+) [Red
                  | Draconian growth]
  4941 | D:5      | Reached skill level 7 in Polearms
  5161 | D:5      | Noticed Pikel
  5737 | D:6      | Noticed Maggie
  5765 | D:6      | Reached skill level 8 in Polearms
  5765 | D:6      | Reached XP level 8. HP: 67/67 MP: 8/8
  5869 | D:6      | HP: 2/67 [Maggie/bolt of fire (8)]
  5872 | D:6      | Mangled by Maggie

Illustrated notes

Levels and vault maps discovered:
D:1:      lightli_arrival_chessboard, layout_rooms, shapermc_ecumenical_altar_gd
D:2:      layout_basic, uniq_terence, uniq_robin
D:3:      layout_basic
D:4:      layout_rooms
D:5:      layout_loops_corners, uniq_grinder, uniq_pikel
D:6:      layout_loops_corners, yredelemnul_forgotten_temple_becter,
          minmay_liquid_box, serial_bayou_ford_a, uniq_maggie

Skill      XL: |  1  2  3  4  5  6  7 |
---------------+----------------------+-----
Dodging        | 3 4 |  4.3
Polearms       | 4 5 6 8 |  8.0
Stealth        | 2 3 |  3.2
Fighting       | 4 |  4.6

Action                   |  1- 3 |  4- 6 |  7- 9 || total
-------------------------+-------+-------+-------++-------
Melee: Spear             |   151 |   238 |   133 ||   522
       Tailslap          |    14 |    34 |    12 ||    60
       Punch             |     2 |     4 |     3 ||     9
       Unarmed           |     4 |       |       ||     4
Throw: Javelin           |       |     1 |       ||     1
 Abil: Breathe Fire      |       |       |     9 ||     9
  Use: Scroll            |     2 |     8 |     3 ||    13
       Potion            |     1 |     2 |     5 ||     8
 Stab: Sleeping          |     3 |     4 |       ||     7
Armor: Skin              |    23 |    63 |    42 ||   128
Dodge: Dodged            |    67 |    94 |    39 ||   200
